Map: Dusk Towers

Players

ApeIsland

  • Race: Terran Terran
  • League: Platinum

LilDicky - Winner!

  • Race: Terran Terran
  • League: Diamond

VOD

http://www.twitch.tv/tumescentpie

Description

Time

  • Played on: Dec. 2, 2015, 9:43 a.m.
  • Length: 5:04
Show
View Real Time Build Order
Export as new Build Order

ApeIsland Terran 

Build Orders:  

Get SALT Encoding   

  12  0:01  SCV  
  13  0:14  SCV  
  13  0:18  Supply Depot  
  14  0:26  SCV  
  15  0:40  SCV  
  16  0:43  Barracks  
  16  0:50  Supply Depot  
  16  0:53  SCV  
  17  1:05  SCV  
  18  1:17  SCV  
  19  1:29  SCV  
  20  1:33  Command Center  
  20  1:38  Marine  
  21  1:41  SCV  
  22  1:53  Orbital Command  
  22  1:54  Refinery  
  22  1:55  Marine  
  23  2:13  Marine  
  24  2:16  Barracks  
  24  2:19  SCV  
  25  2:31  Marine  
  25  2:34  Barracks  
  27  2:37  SCV  
  27  2:46  Orbital Command  
  27  2:49  SCV, Marine  
  29  3:01  SCV  
  29  3:02  Refinery  
  30  3:09  Marine  
  30  3:10  Barracks Tech Lab  
  31  3:13  SCV  
  31  3:15  SCV  
  33  3:23  Marine  
  33  3:25  SCV  
  33  3:26  Marine  
  36  3:29  SCV  
  36  3:32  Supply Depot  
  36  3:34  Supply Depot  
  37  3:37  SCV  
  38  3:41  SCV  
  38  3:45  Factory  
  38  3:46  Barracks Reactor  
  39  3:49  SCV  
  39  3:53  SCV  
  39  3:55  Barracks Reactor, Supply Depot  
  41  3:56  Supply Depot  
  41  4:01  SCV  
  42  4:05  SCV  
  43  4:13  SCV  
  44  4:17  SCV  
  44  4:20  Engineering Bay  
  44  4:23  Supply Depot  
  45  4:24  Marine x3  
  45  4:27  SCV  
  45  4:29  SCV  
  45  4:30  Starport  
  45  4:31  Factory Tech Lab  
  50  4:32  Marine x2  
  52  4:40  SCV  
  52  4:42  SCV, Marine x3  
  52  4:44  Supply Depot  
  57  4:52  SCV  
  63  4:55  Missile Turret  
  63  4:57  Missile Turret  
Show
View Real Time Build Order
Export as new Build Order

LilDicky Terran - Winner!

Build Orders: Banshee Rush 

Get SALT Encoding   

  12  0:01  SCV  
  14  0:14  SCV  
  14  0:18  Supply Depot  
  14  0:20  Supply Depot  
  14  0:26  SCV  
  15  0:33  Refinery  
  15  0:42  SCV  
  16  0:47  Barracks  
  16  0:54  SCV  
  17  1:06  SCV  
  19  1:18  SCV  
  20  1:35  Reaper  
  20  1:39  Orbital Command  
  20  1:40  Supply Depot  
  20  2:04  SCV  
  21  2:09  Marine  
  21  2:11  Factory  
  22  2:20  Command Center, Refinery  
  22  2:24  SCV  
  23  2:32  Marine  
  23  2:36  SCV  
  25  2:48  SCV  
  26  2:54  Marine  
  26  2:56  Factory Tech Lab  
  26  2:57  Starport  
  27  3:00  SCV  
  28  3:12  SCV  
  28  3:16  Supply Depot  
  28  3:17  Marine  
  29  3:24  SCV  
  30  3:34  Orbital Command  
  30  3:36  SCV  
  30  3:38  Widow Mine  
  33  3:42  Engineering Bay  
  33  3:43  Banshee, Cloaking Field  
  33  3:45  Marine  
  37  3:48  SCV  
  37  3:51  Supply Depot  
  38  4:01  SCV x2  
  40  4:03  Marine  
  40  4:07  Factory Tech Lab  
  41  4:13  SCV  
  41  4:15  SCV  
  43  4:20  Missile Turret  
  43  4:21  Marine  
  44  4:25  SCV, Missile Turret  
  44  4:26  Siege Tank  
  44  4:29  SCV  
  52  4:35  Supply Depot  
  52  4:37  SCV  
  53  4:39  Marine  
  53  4:42  SCV  
  55  4:49  SCV, Refinery  
  55  4:50  Supply Depot  
Tags
 
Add a new tag
Caveats
  • Supply blocks, unpowered buildings, or Contaminate may cause inaccurate times.
  • Supply counts are checked every 10 seconds.